 Dungeon Crawl Stone Soup version 0.18-a0-1748-g7377c14 (webtiles) character file.

142 dobroeutro the Shield-Bearer (level 5, -5/33 HPs)
             Began as a Gargoyle Fighter on Apr 12, 2016.
             Killed from afar by Blork the orc (7 damage)
             ... with a puff of frost
             ... on level 4 of the Dungeon.
             The game lasted 00:03:50 (2657 turns).

dobroeutro the Shield-Bearer (Gargoyle Fighter)     Turns: 2657, Time: 00:03:51

Health: -5/33      AC: 12    Str: 21    XL:     5   Next: 25%
Magic:  5/5        EV:  7    Int:  8    God:
Gold:   186        SH:  9    Dex:  9    Spells: 0 memorised, 4 levels left

rFire  . . .     SeeInvis .     a - +0 flail
rCold  . . .     Gourm    .     b - +0 scale mail
rNeg   + . .     Faith    .     c - +0 shield
rPois  ∞         Spirit   .     m - +0 helmet
rElec  +         Dismiss  .     (no cloak)
rCorr  .         Reflect  .     (no gloves)
SustAt .         Harm     .     (no boots)
MR     .....                    (no amulet)
Stlth  ..........               (no ring)
                                (no ring)

@: not resistant to hostile enchantments, extremely unstealthy
A: negative energy resistance 1, electricity resistance, unbreathing,
petrification resistance, rot immunity, AC +4
a: no special abilities


You were on level 4 of the Dungeon.
You were not hungry.

You visited 1 branch of the dungeon, and saw 4 of its levels.

You collected 186 gold pieces.

Inventory:

Hand Weapons
 a - a +0 flail (weapon)
Armour
 b - a +0 scale mail (worn)
 c - a +0 shield (worn)
 m - a +0 helmet (worn)
Scrolls
 h - 2 scrolls of recharging {unknown}
 i - a scroll of magic mapping {unknown}
 j - 6 scrolls of identify {unknown}
 l - 3 scrolls of remove curse {unknown}
 n - a scroll of random uselessness {unknown}
 o - 4 scrolls of fear {unknown}
 q - a scroll of teleportation {unknown}
 s - a scroll of blinking {unknown}
Potions
 d - a potion of might
 e - a potion of magic {unknown}
 g - a potion of heal wounds {unknown}
 k - a potion of agility {unknown}
 p - 2 potions of curing {unknown}
 r - a potion of mutation {unknown}
Comestibles
 f - 2 bread rations
 t - a chunk of flesh


   Skills:
 + Level 3.9 Fighting
 + Level 3.2 Maces & Flails
 + Level 4.1 Armour
 + Level 4.5 Shields


You had 4 spell levels left.
You didn't know any spells.

Dungeon Overview and Level Annotations

Branches:
Dungeon (4/15)
 Temple: D:4-7

Altars:
Ashenzari
Dithmenos
Makhleb
Yredelemnul

Annotations:
D:4 Blork the orc


Innate Abilities, Weirdness & Mutations

You are resistant to torment.
Your stone body is resilient (AC +4).
You are immune to poison.
You resist negative energy.
You are resistant to electric shocks.
You can survive without breathing.
You are immune to petrification.
You are immune to rotting.


Message History

You are too injured to fight recklessly!
You are too injured to fight recklessly!
You are too injured to fight recklessly!
You are too injured to fight recklessly!
You are too injured to fight recklessly!
You are too injured to fight recklessly!
You are too injured to fight recklessly!
You are too injured to fight recklessly!
You are too injured to fight recklessly!
You are too injured to fight recklessly!
You are too injured to fight recklessly!
You are too injured to fight recklessly!
You are too injured to fight recklessly!
You are too injured to fight recklessly!
Blork the orc casts a spell at you. The magic dart hits you!
* * * LOW HITPOINT WARNING * * *
Blork the orc casts a spell at you. The puff of frost hits you!
You die...

..# .##≈≈. ..#.###
.....$≈≈≈≈≈≈≈.####..#....
..##≈≈≈≈≈≈≈≈≈≈≈........##
...≈≈≈≈≈≈.$≈≈≈≈≈.$......#
#..≈≈≈##.!.≈≈≈≈#.......h.
#.≈†≈≈≈#≈..≈≈≈≈≈≈......#
#)≈≈≈≈≈≈≈.≈≈≈≈≈##o....###
.≈≈≈≈≈≈≈..?≈≈≈≈≈≈≈.......
..#≈≈≈≈≈)<.≈#≈≈≈@h..#####
#≈≈≈≈≈≈[<..≈#≈≈≈≈≈###
#≈≈≈≈≈≈≈≈.≈≈≈≈≈≈≈≈#
#.≈≈≈≈≈≈†$≈≈≈≈≈≈≈##
#..≈≈≈≈≈.)≈⌠≈≈≈≈.##
#..≈≈≈≈≈...###≈†..#
#.##≈≈#≈≈≈≈≈#≈≈#..# #.
##.≈≈≈≈≈≈≈.##.## #.
#.##≈#.≈≈##.#.#


You could see Blork the orc and 2 jackals.

Vanquished Creatures
  An orc wizard (D:4)
  An adder (D:2)
  An ooze (D:2)
  4 worms
  10 dart slugs
  3 giant geckos
  4 orcs
  2 ball pythons
  11 bats
  7 giant cockroaches
  4 goblins
  4 hobgoblins
  5 jackals (D:2)
  10 kobolds
  A quokka (D:2)
  A giant newt (D:2)
  4 rats
73 creatures vanquished.

Notes
Turn   | Place    | Note
--------------------------------------------------------------
     0 | D:1      | dobroeutro the Gargoyle Fighter began the quest for the Orb.
     0 | D:1      | Reached XP level 1. HP: 14/14 MP: 1/1
   265 | D:1      | Reached XP level 2. HP: 18/19 MP: 2/2
  1037 | D:2      | Reached XP level 3. HP: 19/23 MP: 3/3
  1258 | D:2      | Found a basalt altar of Yredelemnul.
  1334 | D:2      | Found a shattered altar of Ashenzari.
  1471 | D:2      | Reached XP level 4. HP: 28/29 MP: 4/4
  1854 | D:3      | Found a shadowy altar of Dithmenos.
  2305 | D:3      | Found a burning altar of Makhleb.
  2307 | D:3      | Noticed a blizzard demon
  2369 | D:4      | Reached XP level 5. HP: 15/33 MP: 5/5
  2644 | D:4      | Noticed Blork the orc
  2657 | D:4      | Killed from afar by Blork the orc

Vault maps used:
D:1:      lightli_arrival_quake
D:2:      ashenzari_altar_1, yredelemnul_altar_generic, fountainhead,
          minmay_splitting_lines
D:3:      lemuel_crystal_altar, makhleb_altar_promises_db
D:4:      kennysheep_slugbush, grunt_pakellas_salt, first_bread, serial_shops,
          shop, uniq_blork_the_orc, uniq_robin

Skill      XL: |  1  2  3  4 |
---------------+-------------+-----
Shields        | 4 |  4.5
Maces & Flails | 3 |  3.2
Armour         | 4 |  4.1
Fighting       | |  3.9

Action                   |  1- 3 |  4- 6 || total
-------------------------+-------+-------++-------
Melee: Flail             |   152 |   145 ||   297
  Eat: Chunk             |     2 |     4 ||     6
Armor: Scale mail        |    86 |    88 ||   174
Dodge: Dodged            |    47 |    58 ||   105
Block: Shield            |    88 |    86 ||   174
